[Event "*** Titled Tuesday Blitz"]
[Site "Chess.com"]
[Date "2019.01.01"]
[Round "7"]
[White "PulpanJ"]
[Black "pulvettd"]
[Result "0-1"]
[WhiteElo "2607"]
[BlackElo "2494"]
[TimeControl "180+2"]
[EndTime "14:38:14 PST"]
[Termination "pulvettd won by resignation"]

1. e4 e6 2. d4 d5 3. exd5 exd5 4. Bd3 Bd6 5. Ne2 Nc6 6. Nbc3 Nge7 7. Bf4 Bxf4 8. Nxf4 Nxd4 9. Bxh7 c5 10. Bd3 Qd6 11. Qd2 Bg4 12. h3 Bf3 13. Qe3 g5 14. Nfe2 Bxg2 15. Nxd4 cxd4 16. Qxd4 Rh4 17. Bb5+ Kf8 18.
Qxh4 gxh4 19. Rg1 Qe5+ 20. Be2 Bf3 21. Kf1 Bxe2+ 22. Nxe2 Qxb2 23. Re1 Qxc2 24. Kg2 Ng6 25. Kh1 Re8 26. Nd4 Qd3 27. Rxe8+ Kxe8 28. Re1+ Kd7 29. Ne2 Qxh3+ 30. Kg1 Qg4+ 31. Kh2 h3 32. Ng3 Nh4 33. Re5 0-1

[Event "*** Titled Tuesday Blitz"]
[Site "Chess.com"]
[Date "2019.01.01"]
[Round "7"]
[White "ChessChronicles123"]
[Black "SimonKnightRivendell"]
[Result "0-1"]
[WhiteElo "1814"]
[BlackElo "1980"]
[TimeControl "180+2"]
[EndTime "14:38:23 PST"]
[Termination "SimonKnightRivendell won by checkmate"]

1. Nf3 Nf6 2. g3 g6 3. Bg2 Bg7 4. O-O d5 5. c4 c6 6. d4 O-O 7. Nc3 Na6 8. cxd5 cxd5 9. Ne5 Nc7 10. b3 Bd7 11. Ba3 Rc8 12. Rc1 Re8 13. Qd2 Bb5 14. Rc2 Ba6 15. Rfc1 b6 16. Nc6 Qd7 17. Nxa7 Ra8 18.
Nc6 Qxc6 19. Nxd5 Qxc2 20. Nxf6+ Bxf6 21. Rxc2 Rac8 22. Qc1 Nb5 23. Rxc8 Rxc8 24. Qd2 Nxa3 25. h4 Rc2 26. Qb4 Rc1+ 27. Kh2 Nb1 28. Qa4 Bxe2 29.
Qe8+ Kg7 30. Bd5 e6 31. Bg2 Nd2 32. d5 Nf3+ 33. Kh3 Ng1+ 34. Kh2 Bg4 35. d6 Nf3+ 36. Bxf3 Bxf3 37. g4 Be5+ 38. Kh3 Rh1# 0-1

[Event "*** Titled Tuesday Blitz"]
[Site "Chess.com"]
[Date "2019.01.01"]
[Round "7"]
[White "mishanick"]
[Black "MikePerelshteyn"]
[Result "1-0"]
[WhiteElo "2977"]
[BlackElo "2555"]
[TimeControl "180+2"]
[EndTime "14:38:26 PST"]
[Termination "mishanick won by resignation"]

1. d4 Nf6 2. c4 g6 3. Nf3 Bg7 4. Nc3 O-O 5. e4 d6 6. Be2 Nbd7 7. O-O e5 8. d5 Nc5 9. Nd2 a5 10. b3 Bh6 11. Qc2 Ne8 12. Rb1 f5 13. a3 Nf6 14. b4 axb4 15. axb4 Bxd2 16. Bxd2 Ncxe4 17. Bh6 Nxc3 18. Qxc3 Rf7 19. Ra1 Rb8 20. Rfd1 Ne4 21.
Qc2 Nxf2 22. Be3 Nxd1 23. Qxd1 f4 24. Bf2 Bf5 25. c5 Ra8 26. Rc1 Qf6 27. c6 b6 28.
h3 Be4 29. Bf1 Qg5 30. Qd2 h6 31. Kh2 Kh7 32. Re1 Ra3 33. Rxe4 f3 34. Be3 fxg2 35. Bxg2 Qf5 36. Rg4 e4 37. Bxe4 Qe5+ 38. Kg2 Rf6 39. Bd4 Ra2 40. Qxa2 Qxd4 41. Qc2 Kg7 42. Bxg6 Qe3 43.
Bh7+ Kf8 44. Rg8+ Kf7 45. Rg3 Qd4 46. Bg8+ Kf8 47. Be6 Qxb4 48. Rg8+ Ke7 49. Qh7+ 1-0

[Event "*** Titled Tuesday Blitz"]
[Site "Chess.com"]
[Date "2019.01.01"]
[Round "7"]
[White "Hieronymus00"]
[Black "Shivagami"]
[Result "0-1"]
[WhiteElo "2132"]
[BlackElo "2145"]
[TimeControl "180+2"]
[EndTime "14:38:26 PST"]
[Termination "Shivagami won on time"]

1. e4 Nc6 2. Nf3 d6 3. d4 Nf6 4. Nc3 Bg4 5. Be3 e5 6. d5 Ne7 7.
h3 Bd7 8. Be2 Ng6 9. g3 Be7 10.
Qd2 O-O 11. O-O-O c5 12. h4 h5 13. Ng5 a6 14. f4 exf4 15. gxf4 Ng4 16. Rdg1 b5 17.
Nd1 Bf6 18. Nf2 Nxe3 19. Qxe3 Bd4 20. Qg3 Qf6 21. Nd3 c4 22. e5 dxe5 23. fxe5 Nxe5 24. Nf4 Bxb2+ 25. Kb1 Ng6 26. Nxh5 Qd4 27. Nf3 Qc3 28. Nf4 Qb4 29. Nd2 Be5+ 30. Nb3 Bxf4 0-1

[Event "*** Titled Tuesday Blitz"]
[Site "Chess.com"]
[Date "2019.01.01"]
[Round "7"]
[White "Boundless_Strike"]
[Black "Anahita_Gholami"]
[Result "0-1"]
[WhiteElo "2469"]
[BlackElo "2690"]
[TimeControl "180+2"]
[EndTime "14:38:30 PST"]
[Termination "Anahita_Gholami won by resignation"]

1. e4 e5 2. f4 exf4 3. Nf3 g5 4. h4 g4 5. Ne5 h5 6. Bc4 Nh6 7. d4 d6 8. Nd3 Be7 9. O-O Nc6 10. Nxf4 Na5 11.
Bd3 Bxh4 12. Nxh5 g3 13. Bxh6 Rxh6 14. Qf3 Qe7 15. Nc3 Be6 16. b4 Nc6 17. Ng7+ Kf8 18. Nxe6+ Qxe6 19. d5 Qf6 20. Ne2 Ne5 21. Qxf6 Bxf6 22.
Rad1 Ng4 23. Rf3 Nf2 24. Rxf2 gxf2+ 25. Kxf2 a5 26. b5 Be5 27. Ng1 Ke7 28. Nf3 Rg8 29.
Rb1 b6 30. Bf1 Rg4 31. Re1 Bg3+ 32. Ke2 Bxe1 0-1

[Event "*** Titled Tuesday Blitz"]
[Site "Chess.com"]
[Date "2019.01.01"]
[Round "7"]
[White "Caminator2000"]
[Black "tarantul1"]
[Result "1-0"]
[WhiteElo "2402"]
[BlackElo "2399"]
[TimeControl "180+2"]
[EndTime "14:38:34 PST"]
[Termination "Caminator2000 won by resignation"]

1. d4 Nf6 2. c4 e6 3. g3 d5 4.
Nf3 Bb4+ 5. Nc3 Bd6 6. Bg2 O-O 7.
O-O c6 8. Nd2 Nbd7 9. e4 dxe4 10.
Ndxe4 Bc7 11. Be3 Nxe4 12. Nxe4 f5 13. Ng5 Qf6 14. d5 cxd5 15. cxd5 f4 16. Nxe6 fxe3 17. Nxc7 exf2+ 18. Kh1 Rb8 19. Ne6 Ne5 20. Nxf8 Bg4 21.
Nxh7 Qh6 22. Qc1 Qxh7 23. Qf4 Re8 24. Qxf2 Bd7 25. Rae1 Qh5 26. d6 Ng4 27. Rxe8+ Bxe8 28. Qf8+ Kh7 29. Qf5+ Qxf5 30. Rxf5 Ne3 31. Re5 1-0

[Event "*** Titled Tuesday Blitz"]
[Site "Chess.com"]
[Date "2019.01.01"]
[Round "7"]
[White "wild_cat99"]
[Black "Mr_Penings"]
[Result "0-1"]
[WhiteElo "2178"]
[BlackElo "2493"]
[TimeControl "180+2"]
[EndTime "14:38:35 PST"]
[Termination "Mr_Penings won by resignation"]

1. e4 c5 2. Nf3 e6 3. d4 cxd4 4.
Nxd4 a6 5. c4 Nf6 6. Nc3 Qc7 7.
Be3 Nc6 8. Qd2 Ng4 9. Nxc6 Nxe3 10. Qxe3 dxc6 11. Be2 Bd6 12. h3 O-O 13. O-O Bf4 14.
Qf3 e5 15. b4 Be6 16. a4 Rad8 17. b5 a5 18. c5 Rd4 19. b6 Qe7 20. g3 Bd2 21.
Nb1 Bxh3 22. Rd1 Bb4 23. Rxd4 exd4 24. g4 Qh4 25. Qg3 Qxg3+ 26. fxg3 h5 27. gxh5 Bxc5 28.
Kh2 Be6 29. Na3 Rd8 30. Bd3 Bxa3 31. Rxa3 c5 32. Kg2 c4 33. Bf1 d3 34. Ra1 c3 35.
Kf2 Bg4 36. h6 gxh6 37. e5 d2 38. Be2 c2 39. Bxg4 c1=Q 0-1

[Event "*** Titled Tuesday Blitz"]
[Site "Chess.com"]
[Date "2019.01.01"]
[Round "7"]
[White "yobdc"]
[Black "Martins-BR"]
[Result "1-0"]
[WhiteElo "2163"]
[BlackElo "2211"]
[TimeControl "180+2"]
[EndTime "14:38:37 PST"]
[Termination "yobdc won by resignation"]

1. e4 c5 2. Nf3 e6 3. c3 Nf6 4.
e5 Nd5 5. d4 cxd4 6. cxd4 d6 7.
Nc3 Nxc3 8. bxc3 Qc7 9. Bd2 Nd7 10. exd6 Bxd6 11. Bd3 b6 12. Ng5 h6 13. Nxf7 Kxf7 14. Qf3+ Nf6 15. Qxa8 Rf8 16. Qf3 Bb7 17. Qh3 Bd5 18.
O-O Bf4 19. Bxf4 Qxf4 20. Rae1 Re8 21. Qe3 Qc7 22. f3 Bxa2 23. Ra1 Bd5 24. Rfc1 a5 25. c4 Bb7 26. Rab1 Rd8 27. Bf1 Bc8 28. d5 exd5 29.
Qxb6 Qxb6+ 30. Rxb6 d4 31. Bd3 g6 32. Ra1 Bf5 33.
Rb7+ Kf8 34. Rb3 Nd7 35. Rxa5 Bxd3 36. Rxd3 Rc8 37. Rxd4 Nf6 38. Ra7 1-0

[Event "*** Titled Tuesday Blitz"]
[Site "Chess.com"]
[Date "2019.01.01"]
[Round "7"]
[White "snowlord"]
[Black "xamax2000"]
[Result "1-0"]
[WhiteElo "2696"]
[BlackElo "2518"]
[TimeControl "180+2"]
[EndTime "14:38:43 PST"]
[Termination "snowlord won on time"]

1. e4 e5 2. Nf3 Nc6 3. Bb5 a6 4. Ba4 Nf6 5. O-O Bc5 6. c3 b5 7.
Bc2 d5 8. a4 dxe4 9. axb5 exf3 10. Qxf3 e4 11. Bxe4 Ne5 12. Qe2 O-O 13. d4 Re8 14.
Bxa8 Bg4 15. Qc2 Qxa8 16. dxe5 Rxe5 17. Rxa6 Qd5 18. c4 Qb7 19. Be3 Bxe3 20. fxe3 Rg5 21.
Qd2 h5 22. Rc6 Bh3 23. Rf2 Ne4 24. Qd8+ Kh7 25. Nc3 Qa7 26. Qd3 1-0

[Event "*** Titled Tuesday Blitz"]
[Site "Chess.com"]
[Date "2019.01.01"]
[Round "7"]
[White "TheoSlade"]
[Black "minnesotachessmaster"]
[Result "1-0"]
[WhiteElo "2077"]
[BlackElo "1923"]
[TimeControl "180+2"]
[EndTime "14:38:43 PST"]
[Termination "TheoSlade won by checkmate"]

1. d4 Nf6 2. c4 g6 3. Nc3 d5 4. cxd5 Nxd5 5. e4 Nxc3 6. bxc3 Bg7 7. Bc4 O-O 8. Ne2 c5 9. O-O cxd4 10. cxd4 Nc6 11.
Be3 a6 12. Rc1 Bd7 13. Qd2 Rc8 14. Rfd1 b5 15. Bd3 Na5 16. Rxc8 Bxc8 17. Rc1 Bg4 18. f3 Bd7 19. d5 e6 20. Nf4 Nc4 21. Bxc4 bxc4 22.
Rxc4 Bb5 23. Rc1 g5 24. Nh5 exd5 25. Nxg7 Kxg7 26. exd5 f6 27. d6 Rf7 28. Qd4 Rd7 29. Rd1 h6 30. Qd2 Qe8 31. h4 Qe6 32. hxg5 hxg5 33. Qd4 Qxa2 34. Bxg5 Qe6 35. Kf2 Qf5 36. Be3 Qe6 37. Rd2 Qf5 38. Qh4 Qg6 39. Rd4 Qc2+ 40. Kg3 Kf7 41. Qh5+ Ke6 42. Qd5# 1-0

[Event "*** Titled Tuesday Blitz"]
[Site "Chess.com"]
[Date "2019.01.01"]
[Round "7"]
[White "gemarin"]
[Black "viktorko131"]
[Result "0-1"]
[WhiteElo "2077"]
[BlackElo "2098"]
[TimeControl "180+2"]
[EndTime "14:38:44 PST"]
[Termination "viktorko131 won on time"]

1. e4 c5 2. Nf3 Nc6 3. Nc3 e5 4. Bc4 Be7 5. O-O d6 6. h3 Nf6 7. d3 O-O 8. a3 Rb8 9. Nh2 Nd4 10. f4 exf4 11. Bxf4 b5 12. Ba2 Be6 13. Nf3 Bxa2 14.
Nxd4 cxd4 15. Nxa2 Rc8 16. Bg5 Qc7 17. Rc1 Nd5 18.
Bxe7 Ne3 19. Qh5 Qxe7 20. Rf2 Qe5 21. Qh4 a5 22. Re2 f5 23. exf5 Rxf5 24. c3 Rcf8 0-1

[Event "*** Titled Tuesday Blitz"]
[Site "Chess.com"]
[Date "2019.01.01"]
[Round "7"]
[White "c63_amg"]
[Black "Supernotar"]
[Result "0-1"]
[WhiteElo "2678"]
[BlackElo "2453"]
[TimeControl "180+2"]
[EndTime "14:38:48 PST"]
[Termination "Supernotar won by resignation"]

1. e4 c6 2. d4 d5 3. exd5 cxd5 4. Nf3 Nc6 5. Ne5 e6 6. Bb5 Bd7 7. Nxd7 Qxd7 8. O-O Nf6 9. c3 Bd6 10. Nd2 a6 11.
Bd3 O-O 12. Qe2 b5 13. a4 bxa4 14. Rxa4 a5 15. Nf3 Rfb8 16. Bg5 Nb4 17. Rfa1 Nxd3 18. Qxd3 Rxb2 19. Bxf6 gxf6 20. Rxa5 Rxa5 21. Rxa5 Qb7 22. g3 Kg7 23. Kg2 Bc7 24. Ra1 Qb3 25. Ra7 Qb6 26. Ra8 Qb7 27. Re8 Qc6 28. Rc8 Qb7 29.
Re8 Qc6 30. Re7 Kf8 31. Rxc7 Qxc7 32. Qxh7 Qxc3 33. Qh6+ Ke7 34. h4 Re2 35. Qf4 Qc2 36. Ng1 Qe4+ 37. Qxe4 Rxe4 38. Nf3 e5 39. dxe5 fxe5 40.
h5 f6 41. Nh4 Rxh4 42. gxh4 d4 43. Kf3 d3 44. Ke3 e4 0-1

[Event "*** Titled Tuesday Blitz"]
[Site "Chess.com"]
[Date "2019.01.01"]
[Round "7"]
[White "VeraNebolsina"]
[Black "esteban062000"]
[Result "1-0"]
[WhiteElo "2371"]
[BlackElo "2204"]
[TimeControl "180+2"]
[EndTime "14:38:48 PST"]
[Termination "VeraNebolsina won by resignation"]

1. e4 c5 2. Nc3 Nc6 3. Bb5 g6 4. Nf3 Bg7 5. O-O a6 6. Bxc6 bxc6 7. e5 d6 8. exd6 exd6 9. d4 cxd4 10. Nxd4 Ne7 11. Bg5 f6 12. Bf4 O-O 13. Nxc6 Nxc6 14. Qd5+ Kh8 15. Qxc6 Bf5 16. Rad1 Qa5 17. Rd5 Qb4 18.
Bxd6 Qxb2 19. Bxf8 Rxf8 20. Qc7 Qxc2 21. Rd8 Be6 22.
h3 Bxa2 23. Ra1 Bg8 24. Rxf8 Bxf8 25. Rxa6 Qc1+ 26. Kh2 Qg5 27. Ne4 Qd5 28. Nxf6 Qf5 29. Ng4 Bh6 30. Nxh6 Qb5 31. Qc3+ 1-0

[Event "*** Titled Tuesday Blitz"]
[Site "Chess.com"]
[Date "2019.01.01"]
[Round "7"]
[White "DanielNaroditsky"]
[Black "Vuk2000"]
[Result "1-0"]
[WhiteElo "2922"]
[BlackElo "2753"]
[TimeControl "180+2"]
[EndTime "14:38:50 PST"]
[Termination "DanielNaroditsky won by checkmate"]

1. e4 e6 2. d4 d5 3. Nd2 a6 4.
Ngf3 c5 5. dxc5 Bxc5 6. Bd3 Nf6 7.
O-O O-O 8. e5 Nfd7 9. Nb3 Be7 10.
Re1 Nc6 11. Bf4 a5 12. a4 b6 13. c3 Ba6 14. Bc2 Re8 15. Nbd4 Nxd4 16. Nxd4 Nf8 17. Qh5 Ng6 18. Re3 Bc5 19. Rh3 Nxf4 20. Qxh7+ Kf8 21. Qh8+ Ke7 22. Qh4+ Kd7 23. Qxf4 Qe7 24. Rh7 Rg8 25. Qg4 Rac8 26. Nb5 g6 27. Qf3 Rcf8 28. Rd1 Bxb5 29. axb5 Kc7 30. c4 d4 31. b4 Bxb4 32.
Qc6+ Kb8 33. Rxd4 Rd8 34. Qxb6+ Kc8 35. Qc6+ Kb8 36. Be4 Rxd4 37. Qa8+ Kc7 38. Qb7+ Kd8 39. Qb8+ Kd7 40. Bc6# 1-0

[Event "*** Titled Tuesday Blitz"]
[Site "Chess.com"]
[Date "2019.01.01"]
[Round "7"]
[White "tomozupan"]
[Black "Karina_Oparina"]
[Result "1/2-1/2"]
[WhiteElo "2188"]
[BlackElo "2058"]
[TimeControl "180+2"]
[EndTime "14:38:51 PST"]
[Termination "Game drawn by repetition"]

1. d4 Nf6 2. Bg5 e6 3. e4 h6 4. Bxf6 Qxf6 5. Nf3 d5 6. e5 Qd8 7. Bd3 Nd7 8. O-O c5 9. c3 Be7 10. Nbd2 O-O 11. Ne1 b6 12. f4 a5 13. f5 Ba6 14.
Bxa6 Rxa6 15. Qg4 exf5 16. Qxf5 g6 17. Qh3 b5 18. Ndf3 Kg7 19. Nd3 cxd4 20. cxd4 Qb6 21. Rac1 Ra7 22. Nf4 Nxe5 23. Rcd1 Nxf3+ 24. Qxf3 Rd7 25. Nxd5 Qb7 26. Nxe7 Qxf3 27. Rxf3 Rxe7 28. d5 Rd8 29. d6 Red7 30. Rfd3 f5 31. Kf2 Kf6 32. R1d2 Ke6 33.
Re2+ Kf6 34. Red2 Ke6 35. Re2+ Kf6 36. Red2 Ke6 37. Re2+ Kf6 38. Red2 Ke6 39. Re2+ Kf6 40. Red2 1/2-1/2

[Event "*** Titled Tuesday Blitz"]
[Site "Chess.com"]
[Date "2019.01.01"]
[Round "7"]
[White "Kurai"]
[Black "TheBigBoss04"]
[Result "0-1"]
[WhiteElo "2519"]
[BlackElo "2521"]
[TimeControl "180+2"]
[EndTime "14:38:57 PST"]
[Termination "TheBigBoss04 won by resignation"]

1. e4 d6 2. d4 Nf6 3. Nc3 c6 4. Nf3 Nbd7 5. Be2 e5 6. O-O Be7 7. h3 O-O 8. a4 exd4 9. Nxd4 Re8 10. Re1 a5 11. Bf1 Bf8 12. g3 Nc5 13. Bg2 Qc7 14.
Bg5 Be7 15. Qd2 h6 16. Be3 Ne6 17. Nf5 Bf8 18. Rad1 Rd8 19. f4 d5 20. exd5 cxd5 21. Qf2 Nc5 22. Nd4 Nce4 23. Nxe4 Nxe4 24. Qf3 Re8 25. Kh2 Bd7 26. Ra1 Rac8 27. c3 Bc5 28. Bf1 Rcd8 29. Nb5 Qb6 30. Bd4 Bxd4 31. cxd4 Rc8 32.
Bd3 Bxb5 33. Bxb5 Rc2+ 34. Re2 Rec8 35. Rd1 Qg6 36. g4 Qd6 37. Re1 Qb4 38. Bd3 Rxb2 39. Bxe4 dxe4 40. Qxe4 Qxe1 41. Rxb2 Qxe4 0-1

[Event "*** Titled Tuesday Blitz"]
[Site "Chess.com"]
[Date "2019.01.01"]
[Round "7"]
[White "Orest_Vovk"]
[Black "Kawhi_Leonard2"]
[Result "1-0"]
[WhiteElo "2399"]
[BlackElo "2263"]
[TimeControl "180+2"]
[EndTime "14:39:05 PST"]
[Termination "Orest_Vovk won by resignation"]

1. g4 d5 2. h3 c6 3. Bg2 e5 4. d4 Nd7 5. c4 dxc4 6. dxe5 Nxe5 7.
Qxd8+ Kxd8 8. f4 Ng6 9. Nf3 Bd6 10. e3 Nf6 11. O-O h5 12. g5 Nd5 13. Nc3 Nxc3 14. bxc3 Kc7 15. Nd4 Nh4 16. e4 Nxg2 17. Kxg2 Re8 18.
Re1 a6 19. a4 c5 20. Nf3 Bd7 21. a5 Bc6 22. e5 Bf8 23. f5 Rad8 24. Bf4 Rd3 25.
Re3 Rxe3 26. Bxe3 Rd8 27. Kf2 Bxf3 28. Kxf3 Rd3 29. Rc1 g6 30. f6 Kd7 31. Ke4 Ke6 32.
Rb1 Rd7 33. Rb6+ 1-0

[Event "*** Titled Tuesday Blitz"]
[Site "Chess.com"]
[Date "2019.01.01"]
[Round "7"]
[White "Anar_Aliakbarov"]
[Black "mersad_98"]
[Result "0-1"]
[WhiteElo "2462"]
[BlackElo "2636"]
[TimeControl "180+2"]
[EndTime "14:39:07 PST"]
[Termination "mersad_98 won by resignation"]

1. d4 Nf6 2. c4 e6 3. Nf3 b6 4. g3 Ba6 5. Qc2 Bb7 6. Bg2 c5 7. d5 exd5 8. cxd5 Be7 9. O-O Nxd5 10. Rd1 Nc6 11. Qf5 Nf6 12. e4 g6 13. Qf4 O-O 14.
e5 Nh5 15. Qh6 Qb8 16. Bg5 Nxe5 17. Bxe7 Nxf3+ 18. Bxf3 Bxf3 19. Rxd7 Re8 20. Nc3 Qc8 21.
Rd3 Rxe7 22. Rxf3 Qc6 23. Rd3 Rae8 24. Rdd1 Nf6 25. h4 b5 26. Qf4 b4 27. f3 bxc3 28. Rd6 cxb2 29. Rb1 Re1+ 30. Rxe1 Rxe1+ 31. Kh2 b1=Q 32. Qxf6 Rh1+ 0-1

[Event "*** Titled Tuesday Blitz"]
[Site "Chess.com"]
[Date "2019.01.01"]
[Round "7"]
[White "joppie2"]
[Black "JozefKneht"]
[Result "1-0"]
[WhiteElo "2742"]
[BlackElo "2518"]
[TimeControl "180+2"]
[EndTime "14:39:13 PST"]
[Termination "joppie2 won by resignation"]

1. c4 e6 2. Nc3 d5 3. d4 Nf6 4. cxd5 exd5 5. Bg5 Be7 6. e3 O-O 7. Bd3 Nbd7 8. Nge2 c6 9. Qc2 Re8 10. O-O-O Nf8 11. h4 Be6 12. Nf4 Bd7 13. f3 Rc8 14. Kb1 a6 15. e4 dxe4 16. fxe4 b5 17. e5 Nd5 18. Ncxd5 cxd5 19. Qf2 Be6 20. Rdf1 Bxg5 21.
hxg5 Qxg5 22. Rh5 Qg4 23. Rh4 Qg5 24. Rh5 Qg4 25. Be2 Bf5+ 26. Ka1 Rc2 27. Bxg4 Rxf2 28. Rxf2 Bxg4 29. Rh4 Be6 30. b3 g5 31. Nh5 Rc8 32.
Rh1 Rc3 33. Nf6+ Kg7 34. Ne8+ Kh8 35. Kb2 Rg3 36. Nc7 Kg7 37. Rhf1 Ng6 38. Nxe6+ fxe6 39. Rf7+ Kh6 40. Rh1+ Nh4 41. Rf6+ Kh5 42. Rxe6 Rxg2+ 43. Ka3 a5 44. Re7 h6 45. Rd7 b4+ 46. Ka4 Rxa2+ 47. Kb5 g4 48. e6 g3 49. e7 Re2 50. Rxd5+ Kg4 51. Re5 Rxe5+ 52. dxe5 g2 53. Rg1 1-0

[Event "*** Titled Tuesday Blitz"]
[Site "Chess.com"]
[Date "2019.01.01"]
[Round "7"]
[White "jacky72"]
[Black "pastouche06"]
[Result "1/2-1/2"]
[WhiteElo "2595"]
[BlackElo "2455"]
[TimeControl "180+2"]
[EndTime "14:39:14 PST"]
[Termination "Game drawn by repetition"]

1. d4 Nf6 2. c4 e6 3. Nf3 d5 4. Nc3 c5 5. cxd5 Nxd5 6. e4 Nxc3 7. bxc3 cxd4 8. cxd4 Bb4+ 9. Bd2 Bxd2+ 10. Qxd2 O-O 11.
Bc4 Nd7 12. O-O b6 13. d5 Nc5 14. Qe3 exd5 15. Bxd5 Bb7 16. Rad1 Bxd5 17. Rxd5 Qe7 18. e5 Rfd8 19. Rfd1 Rxd5 20. Rxd5 Rd8 21. Qd2 Rxd5 22. Qxd5 h6 23. Nd4 Qd7 24. Qxd7 Nxd7 25. f4 Kf8 26.
Kf2 Ke8 27. Ke3 Nc5 28. Nb5 a6 29. Nd6+ Kf8 30. Kd4 f6 31. Kd5 fxe5 32. fxe5 Nd3 33. Kc6 Nb4+ 34. Kxb6 Nxa2 35. Kxa6 Ke7 36. Kb5 Ke6 37.
Nc4 Kd5 38. h3 Nc3+ 39. Kb4 Na2+ 40. Kb3 Nc1+ 41. Kc2 Ne2 42. Kd2 Nf4 43. Ne3+ Kxe5 44. Ke1 g5 45. Kf2 h5 46. Kf3 Ng6 47. Nc4+ Kf5 48.
g3 g4+ 49. hxg4+ hxg4+ 50. Ke3 Ne7 51. Nd6+ Kg5 52. Ke4 Ng8 53. Nf7+ Kf6 54. Ne5 Kg5 55. Nd7 Nf6+ 56. Nxf6 Kxf6 57. Kf4 Kg7 58. Kg5 Kf7 59.
Kh5 Kg7 60. Kh4 Kh6 61. Kxg4 Kg6 62. Kf4 Kf6 63. Kg4 Kg6 64. Kh4 Kh6 65. Kh3 Kh5 66. g4+ Kg5 67. Kg3 Kg6 68. Kf4 Kf6 69. g5+ Kg6 70. Kg4 Kg7 71. Kh5 Kh7 72. Kg4 Kg6 73. Kf4 Kg7 74. Kf5 Kf7 75. g6+ Kg7 76. Kg5 Kg8 77.
Kh5 Kg7 78. Kg5 Kg8 79. Kf6 Kf8 80. Kf5 Kg7 81. Kg5 Kg8 82. Kh5 Kg7 83. Kg5 Kg8 84. Kf5 Kg7 85. Kg5 1/2-1/2

[Event "*** Titled Tuesday Blitz"]
[Site "Chess.com"]
[Date "2019.01.01"]
[Round "7"]
[White "Slovak_fighter2000"]
[Black "volcanoexplorer"]
[Result "1-0"]
[WhiteElo "2446"]
[BlackElo "2345"]
[TimeControl "180+2"]
[EndTime "14:39:15 PST"]
[Termination "Slovak_fighter2000 won by checkmate"]

1. d4 Nf6 2. Nf3 e6 3. Bf4 d6 4. e3 g6 5. h3 Bg7 6. Be2 O-O 7. Bh2 b6 8. O-O Bb7 9. c3 Nbd7 10. Nbd2 Ne4 11.
a4 f5 12. Nxe4 Bxe4 13. Nd2 Bb7 14. Bf3 Bxf3 15. Qxf3 a5 16. e4 f4 17. Qg4 e5 18.
dxe5 Nxe5 19. Qe6+ Kh8 20. Nc4 Re8 21. Nxe5 dxe5 22. Qd5 Qxd5 23. exd5 Rad8 24. c4 g5 25. f3 e4 26. Rab1 e3 27. Rfe1 e2 28. Rbc1 Bd4+ 29. Kh1 Bf2 30. Bg1 Bxe1 31. Rxe1 c6 32. Bxb6 Rb8 33.
Bxa5 cxd5 34. cxd5 Rxb2 35. Bc3+ Kg8 36. Bxb2 Kf7 37.
Kg1 Rb8 38. Kf2 Rxb2 39. Rxe2 Rb4 40. Ra2 Rb6 41. a5 Ra6 42. Ke2 Ke7 43. Kd3 Kd6 44.
Kc4 h5 45. Kb5 Ra8 46. a6 Kxd5 47. a7 Kd4 48. Kb6 Ke3 49. Kb7 Re8 50. a8=Q Rxa8 51.
Kxa8 Kd4 52. Kb7 Ke5 53. Kc6 Kf5 54. Kd5 g4 55. hxg4+ hxg4 56. fxg4+ Kxg4 57. Ke4 Kg3 58. Rb2 Kg4 59. Rf2 Kg3 60. Rxf4 Kxg2 61. Rf3 Kg1 62.
Kf4 Kh1 63. Kg3 Kg1 64. Rf2 Kh1 65. Rf1# 1-0

[Event "*** Titled Tuesday Blitz"]
[Site "Chess.com"]
[Date "2019.01.01"]
[Round "7"]
[White "mitrabhaa"]
[Black "VladDobrov"]
[Result "1-0"]
[WhiteElo "2605"]
[BlackElo "2816"]
[TimeControl "180+2"]
[EndTime "14:39:17 PST"]
[Termination "mitrabhaa won by checkmate"]

1. Nf3 d5 2. b3 f6 3. d4 c5 4. e3 Nc6 5. Bb2 Nh6 6. Nbd2 cxd4 7. exd4 Nf7 8. Bd3 e6 9. O-O Nb4 10. Be2 Bd6 11. c4 O-O 12. c5 Bc7 13. a3 Nc6 14. b4 a6 15. Nb3 e5 16. dxe5 fxe5 17. Qc2 Ng5 18. Nxg5 Qxg5 19. Rfd1 Be6 20. Nd2 e4 21. g3 Rxf2 22. Kxf2 Rf8+ 23. Kg2 Qe3 24. Nxe4 Bf5 25. Bd3 dxe4 26. Bc4+ Kh8 27. Rf1 Qh6 28. Kg1 Qg6 29. Qxe4 h6 30. Qg2 Ne5 31. Bd5 Nd3 32. Bc3 Rd8 33. Bxb7 Qg5 34. Rad1 Bg6 35. Qf3 Rb8 36. Rxd3 Bxd3 37. Qxd3 Rxb7 38.
Rf8# 1-0

[Event "*** Titled Tuesday Blitz"]
[Site "Chess.com"]
[Date "2019.01.01"]
[Round "7"]
[White "Bigfish1995"]
[Black "TrimitziosP7"]
[Result "1-0"]
[WhiteElo "2919"]
[BlackElo "2638"]
[TimeControl "180+2"]
[EndTime "14:39:23 PST"]
[Termination "Bigfish1995 won by resignation"]

1. e4 c5 2. Nf3 Nc6 3. Nc3 Nf6 4. Bc4 e6 5. O-O Nxe4 6. Nxe4 d5 7. Bxd5 exd5 8. Ng3 Be7 9. d4 c4 10. h3 O-O 11.
Bf4 Bf6 12. c3 Re8 13. Qc2 g6 14. Rfe1 Be6 15. b4 Qd7 16. Qd2 Bg7 17. a4 f6 18.
Bh6 Bf7 19. Bxg7 Kxg7 20. Qf4 a6 21. Re3 Re6 22. Qg4 Rae8 23. Nh5+ Kh8 24. Nxf6 Qe7 25. Nxe8 Rxe3 26. fxe3 Qxe3+ 27. Kh2 Qxe8 28. Qf4 Kg7 29. Re1 Qd8 30. Ne5 Be8 31. Nxc6 Bxc6 32. Qe5+ Kh6 33. a5 Qc8 34. Qf4+ Kg7 35. Re7+ Kh8 36. Qf6+ 1-0

[Event "*** Titled Tuesday Blitz"]
[Site "Chess.com"]
[Date "2019.01.01"]
[Round "7"]
[White "farzadbfd"]
[Black "Atanejhad"]
[Result "1-0"]
[WhiteElo "2478"]
[BlackElo "2248"]
[TimeControl "180+2"]
[EndTime "14:39:25 PST"]
[Termination "farzadbfd won by checkmate"]

1. e4 c5 2. Nc3 g6 3. g3 Bg7 4.
Bg2 Nc6 5. d3 Nf6 6. Be3 d6 7.
h3 O-O 8. Nge2 Rb8 9. O-O b5 10. Qd2 b4 11. Nd1 a5 12. f4 e5 13. fxe5 Nxe5 14.
Bh6 a4 15. Bxg7 Kxg7 16. Ne3 a3 17. b3 Be6 18. Nf4 Qe7 19. Rf2 Nc6 20. Raf1 Nd4 21. g4 g5 22. Ne2 Nxe2+ 23. Rxe2 Nd7 24. d4 cxd4 25. Qxd4+ f6 26. Rd2 Rb6 27. c4 Ne5 28. Rfd1 Rfb8 29. Kh1 Rc6 30. Rf1 Rd8 31. Rdf2 Nd7 32.
Rf5 Nc5 33. Rxg5+ Kh8 34. Rxf6 Nxb3 35. Rf8# 1-0

[Event "*** Titled Tuesday Blitz"]
[Site "Chess.com"]
[Date "2019.01.01"]
[Round "7"]
[White "Thee-Chessboy"]
[Black "Viaje"]
[Result "0-1"]
[WhiteElo "2246"]
[BlackElo "2335"]
[TimeControl "180+2"]
[EndTime "14:39:25 PST"]
[Termination "Viaje won by resignation"]

1. d4 Nf6 2. c4 c5 3. d5 b5 4.
Qc2 bxc4 5. e4 e6 6. Bxc4 exd5 7. exd5 d6 8. Nc3 Be7 9. Nf3 O-O 10. O-O Nbd7 11.
h3 Nb6 12. b3 Bb7 13. Rd1 Re8 14. Bg5 h6 15. Bh4 Nfd7 16. Bg3 Bf8 17. Nb5 Nf6 18. Nc3 a5 19. Bb5 Re7 20. Bc6 Bxc6 21. dxc6 Rc7 22. Nb5 Rxc6 23. Rac1 d5 24. Ne5 Rcc8 25.
a4 Ne4 26. Bh2 Qf6 27. f3 Nd6 28. Ng4 Qd8 29. Nc3 d4 30. Ne4 h5 31. Ne5 Nd5 32.
Nxd6 Bxd6 33. Qf5 Nf6 34. Re1 Rab8 35. Rb1 Qc7 36. g4 hxg4 37. hxg4 Nd5 38. Rb2 Ne3 39. Nc4 Bxh2+ 40. Rxh2 Nxf5 0-1

[Event "*** Titled Tuesday Blitz"]
[Site "Chess.com"]
[Date "2019.01.01"]
[Round "7"]
[White "GadimbayliA"]
[Black "Diwi89"]
[Result "1-0"]
[WhiteElo "2782"]
[BlackElo "2768"]
[TimeControl "180+2"]
[EndTime "14:39:27 PST"]
[Termination "GadimbayliA won by resignation"]

1. e4 c5 2. Nf3 Nc6 3. Bb5 g6 4. Bxc6 bxc6 5. d4 Bg7 6. dxc5 Qa5+ 7. Nbd2 Ba6 8. Rb1 Qxc5 9. b4 Qb6 10. c4 Nf6 11.
O-O d6 12. Bb2 O-O 13. Qa4 Nh5 14. Bxg7 Kxg7 15. g3 Nf6 16. Kg2 Bb7 17. c5 Qc7 18. Rfe1 Rfd8 19. Nc4 d5 20. exd5 cxd5 21. Nce5 d4 22.
c6 Bc8 23. b5 Bf5 24. Rbd1 d3 25. Qc4 Be6 26. Qc3 Bxa2 27. Nxd3 Bd5 28. Nf4 Bxf3+ 29. Qxf3 e5 30. Nd5 Nxd5 31. Rxd5 Rxd5 32. Qxd5 Re8 33. Qc5 Re6 34. Rd1 Re7 35. Rd6 h5 36. h4 Kg8 37.
Qd5 e4 38. Rxg6+ Kf8 39. Rd6 Ke8 40. Rh6 Re5 41. Qc4 e3 42. fxe3 Qa5 43. c7 Qd2+ 44.
Kh3 Qd7+ 45. Re6+ 1-0